 Dungeon Crawl Stone Soup version 0.21.0-24-g2553a33 (webtiles) character file.

54 mopl the Vexing (level 3, -8/24 HPs)
             Began as a Mummy Enchanter on Jan 19, 2018.
             Killed by divine providence
             ... invoked by an orc priest
              (16 damage)
             ... on level 2 of the Dungeon.
             The game lasted 00:02:34 (1912 turns).

mopl the Vexing (Mummy Enchanter)                   Turns: 1912, Time: 00:02:35

Health: -8/24      AC:  3    Str: 11    XL:     3   Next: 66%
Magic:  7/7        EV: 12    Int: 14    God:
Gold:   23         SH:  0    Dex: 13    Spells: 2/8 levels left

rFire    x . .     SeeInvis .   h - +0 quarterstaff (distort) {!w}
rCold    + . .     Gourm    .   (shield currently unavailable)
rNeg     + + +     Faith    .   b - +0 robe
rPois    ∞         Spirit   .   (no helmet)
rElec    .         Reflect  .   (no cloak)
rCorr    .         Harm     .   i - +0 pair of gloves (curse)
MR       .....                  (no boots)
Stlth    ++........             (no amulet)
HPRegen  0.08/turn              (no ring)
MPRegen  0.10/turn              (no ring)

@: no status effects
A: no food or potions, fire vulnerability, cold resistance 1, negative energy
resistance 3, torment resistance, unbreathing
a: no special abilities


You were on level 2 of the Dungeon.
You were not hungry.

You visited 1 branch of the dungeon, and saw 2 of its levels.

You collected 23 gold pieces.

Inventory:

Hand Weapons
 a - a +1 dagger
 h - a +0 quarterstaff of distortion (weapon) {!w}
Missiles
 k - 12 poisoned needles
Armour
 b - a +0 robe (worn)
 i - a cursed +0 pair of gloves (worn)
 l - a +1 pair of gloves
Scrolls
 d - a scroll of blinking
 e - a scroll of remove curse {unknown}
 f - a scroll of enchant weapon
 g - a scroll of amnesia
 j - a scroll of magic mapping {unknown}
Books
 c - a book of Maledictions

   Spells                             Type                      Level
   a - Corona                         Hexes                        1
   b - Ensorcelled Hibernation        Hexes/Ice                    2
   c - Confuse                        Hexes                        3
   d - Tukima's Dance                 Hexes                        3
   e - Dazzling Spray                 Conjuration/Hexes            3


   Skills:
 - Level 0.7 Short Blades
 - Level 1.5 Dodging
 * Level 3.1 Stealth
 - Level 3.0 Spellcasting
 * Level 3.3 Hexes
 + Level 0.9 Ice Magic


You had 2 spell levels left.
You knew the following spells:

 Your Spells              Type           Power        Failure   Level  Hunger
a - Corona                Hex            ##.....      5%          1    N/A
b - Ensorcelled Hibernat  Hex/Ice        #.....       13%         2    N/A
c - Confuse               Hex            ##......     16%         3    N/A

Dungeon Overview and Level Annotations

Branches:
Dungeon (2/15)

Altars:


Innate Abilities, Weirdness & Mutations

You do not eat or drink.
Your flesh is vulnerable to fire.
You are immune to poison.
Your flesh is cold resistant. (rC+)
You are immune to negative energy. (rN+++)
You are immune to unholy pain and torment.
You can survive without breathing.


Message History

You closely miss the orc wizard.
The orc wizard is severely wounded.
The orc wizard disappears!
The orc hits you with a whip.
You hit the orc.
The orc is moderately wounded.
The orc blinks!
You start resting.
You barely miss the orc priest.
You hit the orc priest but do no damage.
Space bends around the orc priest.
The orc priest is moderately wounded.
The orc priest barely misses you. The orc priest closely misses you.
The orc hits you with a whip.
You sock the orc priest!
The orc priest is almost dead.
The orc hits you with a whip.
The orc priest calls down the wrath of Beogh upon you.
Beogh smites you!
Ouch! That really hurt!
You die...

........#.# .8...8..#.# #
#### .oo.......#.# #...
....o.....#.##. #.##
...o........... #.##
.8...8......# #.##
............# ##.##
#########o..# ##....
........@o#.## #.....
##########.†.# ###.#[##
#...# ###...#...
#.######## #...#
#.....#... #........#
#...# #..#######
##.#####.###...###.†...#
..
#.####................#...
...................##.#.##
#.##.#....................


You could see an orc priest and an orc.

Vanquished Creatures
  2 adders
  2 dart slugs (D:1)
  2 orcs (D:2)
  2 ball pythons
  3 bats (D:1)
  2 giant cockroaches
  2 goblins
  3 hobgoblins
  3 jackals
  A frilled lizard (D:1)
  3 kobolds
  4 rats
29 creatures vanquished.

Notes
Turn   | Place    | Note
-------+----------+-------------------------------------------
     0 | D:1      | mopl the Mummy Enchanter began the quest for the Orb.
     0 | D:1      | Reached XP level 1. HP: 13/13 MP: 4/4
   395 | D:1      | Reached XP level 2. HP: 12/19 MP: 3/5
   501 | D:1      | Learned a level 2 spell: Ensorcelled Hibernation
   542 | D:1      | Reached skill level 3 in Hexes
  1314 | D:2      | Reached skill level 3 in Spellcasting
  1371 | D:1      | Reached XP level 3. HP: 16/24 MP: 2/7
  1376 | D:1      | Learned a level 3 spell: Confuse
  1465 | D:2      | Reached skill level 3 in Stealth
  1912 | D:2      | Killed from afar by an orc priest

Skill      XL: |  1  2  3 |
---------------+----------+-----
Hexes          | 3 |  3.3
Spellcasting   | 3 |  3.0
Stealth        | 3 |  3.1
Short Blades   | |  0.7
Dodging        | |  1.5
Ice Magic      | |  0.9

Action                   || total
-------------------------++-------
Melee: Dagger            ||    74
       Quarterstaff      ||    26
 Cast: Corona            ||     8
       Ensorcelled Hiber ||     6
  Use: Scroll            ||     4
 Stab: Sleeping          ||     6
Armor: Robe              ||    19
Dodge: Dodged            ||    69
